 Dungeon Sprint DCSS version 0.22.1-1-ga44c0e56f4 (webtiles) character file.

634 Freyura the Basher (level 7, -2/61 HPs)
             Began as a Demonspawn Berserker on Sept 29, 2018.
             Was a Believer of Trog.
             Asphyxiated
             ... in the Dungeon (Sprint I: "Red Sonja").
             The game lasted 00:03:42 (636 turns).

Freyura the Basher (Demonspawn Berserker)            Turns: 636, Time: 00:03:46

Health: -2/61      AC:  4    Str: 17    XL:     7   Next: 24%
Magic:  7/7        EV: 16    Int:  9    God:    Trog [**....]
Gold:   419        SH:  0    Dex: 14    Spells: 6/6 levels left

rFire    + . .     SeeInvis .   a - +0 mace
rCold    . . .     Gourm    .   (no shield)
rNeg     . . .     Faith    .   e - +2 robe {rF+}
rPois    .         Spirit   .   (helmet restricted)
rElec    .         Reflect  .   (no cloak)
rCorr    .         Harm     .   (no gloves)
MR       ++...     NoTele   +   (no boots)
Stlth    +.........             (no amulet)
HPRegen  1.20/turn              (no ring)
MPRegen  0.10/turn              (no ring)

@: lethally poisoned (-2 -> -18), regenerating, hasted and slowed
A: horns 2, powered by death 1, spiny 1
a: Berserk, Trog's Hand, Renounce Religion


You were in the Dungeon.
You worshipped Trog.
Trog was pleased with you.
You were hungry.

You visited 1 branch You collected 419 gold pieces.

Inventory:

Hand Weapons
 a - a +0 mace (weapon)
Armour
 b - a +0 animal skin
 e - a +2 robe of fire resistance (worn)
Scrolls
 i - a scroll of blinking
Potions
 g - 2 potions of magic
 h - a potion of berserk rage
Comestibles
 c - a ration


   Skills:
 + Level 7.7 Fighting
 * Level 9.6 Maces & Flails
 + Level 6.7 Armour
 + Level 6.7 Dodging


You had 6 spell levels left.
You didn't know any spells.
Your spell library was empty.

Dungeon Overview and Level Annotations

Branches:
Dungeon (1/1)

Altars:
Cheibriados
Dithmenos
Elyvilon
Fedhas
Gozag
Hepliaklqana
Kikubaaqudgha
Makhleb
Nemelex Xobeh
Okawaru
Qazlal
Ru
Sif Muna
Trog
Uskayaw
Vehumet
Wu Jian
Xom
Yredelemnul
Zin
The Shining One
Jiyva
Lugonu

Shops:
D !

Annotations:
D Sonja


Innate Abilities, Weirdness & Mutations

You have a pair of horns on your head.
You regenerate a little health from kills.
You are partially covered in sharp spines.


Message History

It begins to drip with poison!
Sonja is struck by your spines. Sonja hits you but does no damage.
You are more poisoned.
Sonja hits you with an uncursed dagger of venom.
* * * LOW HITPOINT WARNING * * *
Sonja completely misses you.
You completely miss Sonja.
Sonja is moderately wounded.
* * * LOW HITPOINT WARNING * * *
You feel sick.
Sonja mumbles some strange words.
Sonja blinks!
* * * LOW HITPOINT WARNING * * *
You feel very sick.
Sonja unwields an uncursed dagger of venom.
It stops dripping with poison.
Sonja wields an uncursed blowgun.
Sonja shoots a curare-tipped needle.
The curare-tipped needle hits you.
You are more poisoned.
You have difficulty breathing.
You die...

######################
#<.#..').#..'..#__#..+
#..').#..').#..'..'..#
#..#####'#####'#__####
#..####..#...#.####
#..#__####..##.#
#..#_____##'#_.+
#⌠⌠#_.@...'..(_#
####K..__##_(#'#
#_____###(#.#
#########(### +$.$+
#$.$# ##.## #+#


You could see Sonja.

Vanquished Creatures
  A slime creature (D)
  Sigmund (D)
  A yak (D)
  An ogre (D)
  A jelly (D)
  Ijyb (D)
6 creatures vanquished.

Notes
Turn   | Place    | Note
-------+----------+-------------------------------------------
     0 | D        | Freyura the Demonspawn Berserker began the quest for the
                  | Orb.
     0 | D        | Reached XP level 1. HP: 18/18 MP: 1/1
     1 | D        | Noticed Ijyb
    12 | D        | Killed Ijyb
    12 | D        | Reached skill level 4 in Maces & Flails
    12 | D        | Gained mutation: You are partially covered in sharp spines.
                  | [demonic ancestry]
    12 | D        | Reached XP level 2. HP: 25/25 MP: 2/2
    51 | D        | Noticed an ogre
    55 | D        | Killed an ogre
    55 | D        | Reached skill level 5 in Fighting
    55 | D        | Reached skill level 6 in Maces & Flails
    55 | D        | Gained mutation: You regenerate a little health from kills.
                  | [demonic ancestry]
    55 | D        | Reached XP level 3. HP: 33/33 MP: 3/3
    55 | D        | Gained mutation: You have a pair of small horns on your
                  | head. [demonic ancestry]
    55 | D        | Reached XP level 4. HP: 39/39 MP: 4/4
    90 | D        | Noticed Sigmund
    99 | D        | Killed Sigmund
    99 | D        | Reached ** piety under Trog
    99 | D        | Reached skill level 7 in Maces & Flails
    99 | D        | Reached skill level 5 in Armour
    99 | D        | Reached skill level 5 in Dodging
    99 | D        | Reached XP level 5. HP: 18/47 MP: 5/5
    99 | D        | Reached XP level 6. HP: 20/53 MP: 6/6
   221 | D        | Found an ornate altar of the Wu Jian Council.
   221 | D        | Found a deep blue altar of Sif Muna.
   223 | D        | Found a radiant altar of Vehumet.
   227 | D        | Reached skill level 8 in Maces & Flails
   307 | D        | Found Narokloa's Distillery.
   307 | D        | Found an ancient bone altar of Kikubaaqudgha.
   307 | D        | Found a hazy altar of Hepliaklqana.
   307 | D        | Found a stormy altar of Qazlal.
   307 | D        | Found a hide-covered altar of Uskayaw.
   307 | D        | Found a blossoming altar of Fedhas.
   307 | D        | Found a bloodstained altar of Trog.
   307 | D        | Found an iron altar of Okawaru.
   307 | D        | Found a basalt altar of Yredelemnul.
   307 | D        | Found a glowing golden altar of the Shining One.
   307 | D        | Found a snail-covered altar of Cheibriados.
   307 | D        | Found a sacrificial altar of Ru.
   307 | D        | Found a glowing silver altar of Zin.
   307 | D        | Found a shadowy altar of Dithmenos.
   307 | D        | Found a white marble altar of Elyvilon.
   307 | D        | Noticed a yak
   319 | D        | Killed a yak
   320 | D        | Found an opulent altar of Gozag.
   321 | D        | Found a sparkling altar of Nemelex Xobeh.
   575 | D        | Found a burning altar of Makhleb.
   575 | D        | Found a viscous altar of Jiyva.
   575 | D        | Found a shimmering altar of Xom.
   575 | D        | Found a corrupted altar of Lugonu.
   575 | D        | Noticed a slime creature
   579 | D        | Killed a slime creature
   579 | D        | Reached *** piety under Trog
   579 | D        | Reached skill level 9 in Maces & Flails
   579 | D        | Gained mutation: You have a pair of horns on your head.
                  | [demonic ancestry]
   579 | D        | Reached XP level 7. HP: 61/61 MP: 7/7
   620 | D        | Noticed Sonja
   636 | D        | Asphyxiated

Skill      XL: |  1  2  3  4  5  6 |
---------------+-------------------+-----
Maces & Flails | 4 6 7 9 |  9.6
Armour         | 2 4 5 6 |  6.7
Dodging        | 2 4 5 6 |  6.7
Fighting       | 5 6 7 |  7.7

Action                   |  1- 3 |  4- 6 |  7- 9 || total
-------------------------+-------+-------+-------++-------
Melee: Mace              |    11 |    24 |     3 ||    38
       Headbutt          |       |    11 |       ||    11
Invok: Berserk           |     2 |     3 |       ||     5
       Trog's Hand       |       |       |     1 ||     1
  Use: Potion            |     1 |       |     2 ||     3
  Eat: Ration            |       |     1 |       ||     1
Armor: Robe              |       |       |     1 ||     1
Dodge: Dodged            |     5 |     9 |    12 ||    26
